 Dungeon Crawl Stone Soup version 0.31-a0-672-g7da72447bb (webtiles) character file.

Game seed: 14627145103879488018

1498 Dirtsage the Mimic (level 8, -1/48 HPs)
             Began as an Octopode Shapeshifter on Sept 4, 2023.
             Was a Follower of the Shining One.
             Succumbed to Blork the orc's poison
             ... on level 6 of the Dungeon.
             The game lasted 00:09:41 (6540 turns).

Dirtsage the Mimic (Octopode Shapeshifter)          Turns: 6540, Time: 00:09:42

Health: -1/48      AC:  1    Str: 15    XL:     8   Next: 81%
Magic:  10/10      EV: 13    Int: 12    God:    the Shining One [*.....]
Gold:   342        SH:  0    Dex: 12    Spells: 7/7 levels left

rFire   . .          .
                       - Unarmed
rCold   . . .        (shield currently unavailable)
rNeg    . . .        (helmet restricted)
rPois   .            (no amulet)
rElec   .            W - ring of wizardry
rCorr   .            (no ring)
SInv    .            (no ring)
Will    .....        (no ring)
Stlth   +            (no ring)
HPRegen 0.28/turn    (no ring)
MPRegen 0.12/turn    (no ring)
                     (no ring)

%: wizardry (x1)
@: lethally poisoned (-1 -> -28), flux-form, glowing, studying Shapeshifting
A: glow, contaminating, almost no armour, amphibious, 8 rings, camouflage 1,
gelatinous body 1, (nimble swimmer 1), tentacles
a: Begin Untransformation, Renounce Religion, Divine Shield


You were on level 6 of the Dungeon.
You worshipped the Shining One.
The Shining One was aware of your devotion.
You were something dangerously unstable.
You visited 2 branches of the dungeon, and saw 7 of its levels.

You collected 342 gold pieces.

Inventory:

Jewellery
 r - a ring of ice
 W - a ring of wizardry (left tentacle)
Talismans
 b - a beast talisman
 c - a flux talisman (active)
Scrolls
 d - a scroll of butterflies {unknown}
 g - a scroll of brand weapon {unknown}
 i - 2 scrolls of fear {unknown}
 m - a scroll of immolation
 n - a scroll of noise
 p - a scroll of silence {unknown}
 t - 5 scrolls of teleportation
 u - a scroll of poison {unknown}
Potions
 a - 2 potions of lignification
 e - 2 potions of berserk rage {unknown}
 f - a potion of brilliance {unknown}
 h - a potion of mutation {unknown}
 j - a potion of magic {unknown}
 k - a potion of resistance {unknown}
 l - 3 potions of attraction {unknown}
 o - 2 potions of heal wounds {unknown}
 q - 3 potions of curing
 s - 2 potions of cancellation {unknown}


   Skills:
 + Level 1.4 Fighting
 - Level 2.0 Dodging
 * Level 6.9 Unarmed Combat
 + Level 3.2 Invocations
 - Level 9.6 Shapeshifting


You had 7 spell levels left.
You didn't know any spells.
Your spell library contained the following spells:

 Spells                   Type           Power      Damage    Failure   Level
 Inner Flame              Hex/Fire       0%         N/A       36%         3
 Yara's Violent Unravell  Hex/Tmut       0%         3d3       97%         5
 Enfeeble                 Hex            0%         N/A       100%        7


Dungeon Overview and Level Annotations

Branches:
Dungeon (6/15)             Temple (1/1) D:4

Altars:
Ashenzari
Dithmenos
Elyvilon
Fedhas
Gozag
Hepliaklqana
Kikubaaqudgha
Nemelex Xobeh
Qazlal
Ru
Vehumet
Wu Jian
Xom
Yredelemnul
The Shining One

Shops:
D:4 :

Annotations:
D:6 Blork the orc


Innate Abilities, Weirdness & Mutations

You are something dangerously unstable.
You glow with magical radiation, making you easy to see and hit.
Foes you strike become dangerously contaminated with magical radiation.
You are incapable of wielding weapons or throwing items.
You cannot wear most types of armour.
You are amphibious.
You can wear up to eight rings at the same time.
Your skin changes colour to match your surroundings (Stealth+).
Your rubbery body absorbs attacks. (AC +1, EV +1)
((You are camouflaged when in or above water. (Stealth+)))
You have tentacles for arms and can constrict up to eight enemies at once.


Message History

Blork the orc comes into view.
He is wielding a +3 glaive of venom.
Blork the orc shouts!
Blork the orc hits you with a +3 glaive of venom.
You are poisoned.
You take 5 damage, and have 43/48 hp.
You barely miss Blork the orc. You grab Blork the orc.
You constrict Blork the orc, but do no damage.
You feel very sick.
Blork the orc miscasts a cantrip.
You take 3 damage, and have 40/48 hp.
You bludgeon Blork the orc!
Blork the orc begins to glow.
You squeeze Blork the orc.
Blork the orc is moderately wounded.
You constrict Blork the orc.
You feel sick.
Blork the orc gestures at you while chanting.
The magic dart hits you!
You take 9 damage, and have 31/48 hp.
You tentacle-slap Blork the orc but do no damage.
Blork the orc glows dangerously bright.
You squeeze Blork the orc.
Blork the orc is moderately wounded.
You constrict Blork the orc.
You feel sick.
Blork the orc hits you with a +3 glaive of venom!!
* * * LOW HITPOINT WARNING * * *
You are lethally poisoned!
You take 19 damage, and have 12/48 hp.
MASSIVE DAMAGE!!
You tentacle-slap Blork the orc.
Blork the orc shudders as magic cascades through him.
Blork the orc twists and deforms.
You squeeze Blork the orc.
Blork the orc is severely wounded.
You constrict Blork the orc.
* * * LOW HITPOINT WARNING * * *
You feel very sick.
Blork the orc hits you with a +3 glaive of venom.
* * * LOW HITPOINT WARNING * * *
You are more poisoned.
You take 7 damage, and have 5/48 hp.
You tentacle-slap Blork the orc.
Blork the orc begins to glow.
Blork the orc is almost dead.
You constrict Blork the orc.
You die...

###########
#.........
#........
#....... .....
#.o# ##.B##
#....# #....+
#....# .. #....#
... ##..## #+#
...#
##..####.###...##
#...............#
#...............#


You could see Blork the orc (contam, misshapen).

Vanquished Creatures
  Menkaure (D:5)
  2 water moccasins (D:5)
  Duvessa (D:5)
  An ogre (D:4)
  A centaur (D:5)
  3 scorpions
  Dowan (D:5)
  A howler monkey (D:4)
  4 hounds
  A jelly (D:5)
  2 orc priests
  2 iguanas
  6 orc wizards
  11 adders
  A shadow imp (D:5)
  2 ufetubi (D:5)
  A worm (D:3)
  2 dart slugs
  10 orcs
  4 bats
  7 endoplasms
  4 giant cockroaches
  7 goblins
  10 hobgoblins
  7 kobolds
  5 quokkas
  5 ball pythons
  4 frilled lizards
  6 rats
112 creatures vanquished.

Notes
Turn   | Place    | Note
-------+----------+-------------------------------------------
     0 | D:1      | Dirtsage the Octopode Shapeshifter began the quest for the
                  | Orb.
     0 | D:1      | Reached XP level 1. HP: 13/13 MP: 1/1
   205 | D:1      | Reached XP level 2. HP: 8/18 MP: 2/2
   756 | D:2      | Reached XP level 3. HP: 9/23 MP: 3/3
   967 | D:2      | Found a shimmering altar of Xom.
  1149 | D:2      | Reached skill level 4 in Shapeshifting
  1243 | D:2      | Reached XP level 4. HP: 22/28 MP: 4/4
  2148 | D:3      | Found a shadowy altar of Dithmenos.
  2190 | D:3      | Found an ancient bone altar of Kikubaaqudgha.
  2449 | D:3      | Found a faded altar of an unknown god.
  2453 | D:3      | Found a basalt altar of Yredelemnul.
  2765 | D:4      | Found a sacrificial altar of Ru.
  2837 | D:4      | Found Ginig's Book Emporium.
  2859 | D:4      | Reached XP level 5. HP: 24/33 MP: 5/5
  3099 | D:4      | Reached skill level 5 in Shapeshifting
  3297 | D:4      | Reached XP level 6. HP: 17/38 MP: 6/6
  3656 | D:4      | Found a staircase to the Ecumenical Temple.
  3692 | Temple   | Entered the Ecumenical Temple
  3701 | Temple   | Became a worshipper of the Shining One
  3771 | D:3      | Identified a scroll of acquirement
  3773 | D:3      | Acquired a manual of Shapeshifting
  3872 | D:4      | Reached skill level 6 in Shapeshifting
  4422 | D:5      | Entered Level 5 of the Dungeon
  4444 | D:5      | Reached skill level 5 in Unarmed Combat
  4444 | D:5      | Reached XP level 7. HP: 37/43 MP: 7/7
  4505 | D:5      | Reached skill level 7 in Shapeshifting
  4747 | D:5      | Found an opulent altar of Gozag.
  4749 | D:5      | Found a stormy altar of Qazlal.
  4863 | D:5      | Noticed Menkaure
  5057 | D:5      | Killed Menkaure
  5058 | D:5      | Reached skill level 8 in Shapeshifting
  5162 | D:5      | Reached XP level 8. HP: 32/48 MP: 8/8
  5258 | D:5      | Reached skill level 1 in Invocations
  5258 | D:5      | Reached skill level 9 in Shapeshifting
  5416 | D:5      | Reached * piety under the Shining One
  5900 | D:5      | Noticed Duvessa
  5900 | D:5      | Noticed Dowan
  5906 | D:5      | Killed Duvessa
  5910 | D:5      | Killed Dowan
  6532 | D:6      | Noticed Blork the orc
  6540 | D:6      | Succumbed to Blork the orc's poison

Illustrated notes

Levels and vault maps discovered:
D:1:      saegor_arrival_simple_e, layout_loops_ring,
          nicolae_concentric_dashed_squares_mild, minmay_box_of_dots
D:2:      layout_basic, basic_altar
D:3:      layout_basic, nicolae_overflow_ecumenical_swirl,
          general_overflow_altar, kiku_gazebo_garden_becter, corner_web_ring,
          kennysheep_generic_room_11
D:4:      layout_loops_corners, lemuel_doored_altar,
          minmay_temple_entry_mini_moons, nicolae_stop_n_shop_2, st_stairs_8,
          kennysheep_orc_chapel
D:5:      layout_basic, jmf_multi_god_temple, serial_park_tiny_pond,
          uniq_duvessa, uniq_menkaure
D:6:      layout_gridville, grunt_temple_overflow_order_and_chaos_2,
          uniq_crazy_yiuf_cottage, uniq_blork_the_orc
Temple:   nicolae_temple_bog_church

Skill      XL: |  1  2  3  4  5  6  7  8 |
---------------+-------------------------+-----
Shapeshifting  | 4 5 6 8 9 |  9.6
Unarmed Combat | 4 5 6 |  6.9
Invocations    | 3 |  3.2
Fighting       | |  1.4
Dodging        | |  2.0

Action                     |  1- 3 |  4- 6 |  7- 9 || total
---------------------------+-------+-------+-------++-------
  Melee: Unarmed           |    52 |   103 |   113 ||   268
         Constrict         |    13 |    20 |    27 ||    60
         Tentacles         |     7 |    17 |    31 ||    55
         Punch             |     1 |     3 |     2 ||     6
    Use: Scroll            |       |     5 |       ||     5
         Potion            |       |       |     3 ||     3
   Stab: Sleeping          |     4 |     8 |       ||    12
 Armour: Skin              |    22 |    32 |    69 ||   123
  Dodge: Dodged            |    26 |    42 |    58 ||   126
   Form: Flux              |       |       |     1 ||     1

Table legend: (Time is in decaauts)
 A = Elapsed time spent in this place.
 B = Non-inter-level travel time spent in this place.
 C = Inter-level travel time spent in this place.
 D = Time resting spent in this place.
 E = Time spent auto-exploring this place.
 F = Levels seen in this place.
 G = Mean time per level.
                   A        B        C        D        E       F      G
               +--------+--------+--------+--------+--------+-----+--------+
         Total |   6517 |   6370 |    147 |    783 |   4822 |   7 |  931.0 |
       Dungeon |   6498 |   6359 |    139 |    783 |   4822 |   6 | 1083.0 |
        Temple |     18 |     10 |      8 |      0 |      0 |   1 |   18.0 |
               +--------+--------+--------+--------+--------+-----+--------+

Top non-repeatable levels by time:
     D:5: 1826 daAuts
     D:4: 1667 daAuts
     D:2: 1152 daAuts
     D:3: 915 daAuts
     D:1: 746 daAuts
     D:6: 190 daAuts
  Temple: 18 daAuts
